 Dungeon Crawl Stone Soup version 0.29.1-2-gbd0b4ee654 (webtiles) character file.

Game seed: 10031793398291728637

4 xian the Trooper (level 1, -1/18 HPs)
             Began as a Demonspawn Abyssal Knight on Nov 17, 2022.
             Was a Believer of Lugonu.
             Slain by a quokka (4 damage)
             ... on level 1 of the Dungeon.
             The game lasted 00:00:44 (315 turns).

xian the Trooper (Demonspawn Abyssal Knight)         Turns: 315, Time: 00:00:45

Health: -1/18      AC:  3    Str: 13    XL:     1   Next: 58%
Magic:  2/2        EV: 11    Int: 11    God:    Lugonu [**....]
Gold:   29         SH:  0    Dex: 13    Spells: 0/0 levels left

rFire   . . .      SeeInvis .   a - +1 short sword
rCold   . . .      Faith    .   (no shield)
rNeg    . . .      Spirit   .   b - +0 leather armour
rPois   .          Reflect  .   (no helmet)
rElec   .          Harm     .   (no cloak)
rCorr   .          Rampage  .   (no gloves)
Will    .....                   (no boots)
Stlth   +.........              (no amulet)
HPRegen 0.06/turn               (no ring)
MPRegen 0.08/turn               (no ring)

@: no status effects
A: no striking features
a: Renounce Religion, Depart the Abyss, Bend Space


You were on level 1 of the Dungeon.
You worshipped Lugonu.
Lugonu was pleased with you.
You visited 1 branch of the dungeon, and saw 1 of its levels.
You visited the Abyss 1 time.

You collected 29 gold pieces.

Inventory:

Hand Weapons
 a - a +1 short sword (weapon)
Armour
 b - a +0 leather armour (worn)
Scrolls
 d - a scroll of teleportation {unknown}
Potions
 c - a potion of attraction {unknown}


   Skills:
 + Level 3.0 Fighting
 + Level 1.9 Short Blades
 + Level 1.7 Armour
 + Level 0.9 Dodging
 * Level 2.6 Invocations


You couldn't memorise any spells.
You didn't know any spells.
Your spell library was empty.

Dungeon Overview and Level Annotations

Branches:
Dungeon (1/15)

Altars:

Shops:
D:1 !


Message History

The quokka is moderately wounded.
The quokka bites you.
You closely miss the quokka.
The quokka is moderately wounded.
The quokka barely misses you. The quokka closely misses you.
You closely miss the quokka.
The quokka is moderately wounded.
The quokka bites you.
You barely miss the quokka.
The quokka is moderately wounded.
The quokka closely misses you.
You hit the quokka.
You kill the quokka!
Lugonu accepts your kill.
You hit the ball python.
The ball python is severely wounded.
The ball python bites you but does no damage.
The ball python barely misses you.
You hit the ball python.
You kill the ball python!
Lugonu accepts your kill.
You barely miss the quokka. The quokka misses you. The quokka bites you.
You hit the quokka.
The quokka is moderately wounded.
The quokka bites you.
* * * LOW HITPOINT WARNING * * *
You closely miss the quokka.
The quokka is moderately wounded.
The quokka barely misses you.
You miss the quokka.
The quokka is moderately wounded.
The quokka bites you.
* * * LOW HITPOINT WARNING * * *
You closely miss the quokka.
The quokka is moderately wounded.
The quokka bites you but does no damage.
You hit the quokka.
The quokka is severely wounded.
The quokka bites you.
You die...

...# ...# # ...#
###.## #### #$[#..
#.#.. ....## #
#.#.# # ....[#..#
#.#.#.#. .?...#..#
#.#.#...##r...##..#
# #.#.# #?.@# ....#
# #.#.#
###.####....#
########.#.#
#.......#
..#........#
####.##.#
#...####.### #....#
.##.## #.# #.####
.##..###.# #.#
.##......# #.#
.##.###..#######
#.#


You could see a quokka.

Vanquished Creatures
  A ball python (D:1)
  2 quokkas (D:1)
  A rat (D:1)
4 creatures vanquished.

Notes
Turn   | Place    | Note
-------+----------+-------------------------------------------
     0 | Abyss:1  | xian the Demonspawn Abyssal Knight began the quest for the
                  | Orb.
     0 | Abyss:1  | Reached XP level 1. HP: 18/18 MP: 2/2
     2 | Abyss:1  | Found a corrupted altar of Lugonu.
   108 | Abyss:1  | Noticed a large abomination
   124 | Abyss:1  | Noticed an iron imp
   124 | Abyss:1  | Noticed a large abomination
   125 | D:1      | Escaped the Abyss
   260 | D:1      | Found Calo's Distillery.
   299 | D:1      | Reached ** piety under Lugonu
   315 | D:1      | Slain by a quokka

Illustrated notes

Levels and vault maps discovered:
D:1:      dpeg_arrival_connections, layout_basic, serial_shops,
          nicolae_diamond_shop, shapermc_ecumenical_altar_notcrosses,
          minmay_hexomino_c4

Action                   || total
-------------------------++-------
Melee: Short sword       ||    24
Invok: Depart the Abyss  ||     1
Armor: Leather armour    ||     4
Dodge: Dodged            ||    12
